MLB
TORONTO BLUE JAYS @ MONTREAL EXPOS
08/20/2044
 
TOP OF THE 1ST
Toronto Blue Jays batting - Pitching for Montreal Expos : LHP James Fisher
Pitching: LHP James Fisher
Batting: LHB Jon Schick 0-0: Foul Ball, location: 2F
0-1: Fly out, F9 (Line Drive, 9, EV 93.8 MPH)
Batting: RHB Shigem Kubo 0-0: Ball
1-0: Ball
2-0: Ground out 3-1 (Groundball, 34, EV 89.4 MPH)
Batting: SHB Matt Altieri 0-0: Ball
1-0: Foul Ball, location: 2F
1-1: Ball
2-1: Foul Ball, location: 2F
2-2: Ground out 4-3 (Groundball, 4MD, EV 81.3 MPH)
Top of the 1st over - 0 runs, 0 hits, 0 errors, 0 left on base; Toronto 0 - Montreal 0
BOTTOM OF THE 1ST
Montreal Expos batting - Pitching for Toronto Blue Jays : RHP Timo Lantinga
Pitching: RHP Timo Lantinga
Batting: SHB Bran Stark 0-0: Ground out 6-3 (Groundball, 6, EV 102.5 MPH)
Batting: RHB Robby Juarez 0-0: Ball
1-0: Ball
2-0: SOLO HOME RUN (Flyball, 7LD, EV 90.6 MPH), Distance : 338 ft
Batting: RHB Mike Salmon 0-0: Called Strike
0-1: SINGLE (Flyball, 34D, EV 89.4 MPH)
Batting: RHB Hugo Bautista 0-0: Ball
Mike Salmon is caught stealing 2nd base 2-4
1-0: Fly out, F9 (Flyball, 9, EV 85.0 MPH)
Bottom of the 1st over - 1 run, 2 hits, 0 errors, 0 left on base; Toronto 0 - Montreal 1
TOP OF THE 2ND
Toronto Blue Jays batting - Pitching for Montreal Expos : LHP James Fisher
Batting: RHB Ruben Velasco 0-0: Ball
1-0: Called Strike
1-1: Ball
2-1: Swinging Strike
2-2: Ball
3-2: Foul Ball, location: 2F
3-2: Foul Ball, location: 2F
3-2: Fly out, F4 (Popup, 4, EV 75.6 MPH)
Batting: SHB Zory Larikov 0-0: Ground out 3-1 (Groundball, 34, EV 78.1 MPH)
Batting: RHB Kirk Arp 0-0: Ball
1-0: Called Strike
1-1: Ball
2-1: Foul Ball, location: 2F
2-2: Ground out 5-3 (Groundball, 56, EV 79.4 MPH)
Top of the 2nd over - 0 runs, 0 hits, 0 errors, 0 left on base; Toronto 0 - Montreal 1
BOTTOM OF THE 2ND
Montreal Expos batting - Pitching for Toronto Blue Jays : RHP Timo Lantinga
Batting: LHB Jimmy Buscemi 0-0: Ball
1-0: Foul Ball, location: 2F
1-1: Ball
2-1: SINGLE (Groundball, 34D, EV 96.9 MPH)
Batting: SHB Pete Barutha 0-0: Called Strike
0-1: Swinging Strike
0-2: Foul Ball, location: 2F
Balk!
Jimmy Buscemi to second
0-2: Strikes out swinging
Batting: LHB Steve Anderson 0-0: Swinging Strike
0-1: Ball
1-1: Foul Ball, location: 2F
1-2: Ground out 6-3 (Groundball, 6, EV 83.8 MPH)
Batting: RHB Martin Chavez 0-0: Ball
1-0: Foul Ball, location: 2F
1-1: Ball
2-1: Ball
3-1: Ground out U3 (Groundball, 23, EV 93.8 MPH)
Bottom of the 2nd over - 0 runs, 1 hit, 0 errors, 1 left on base; Toronto 0 - Montreal 1
TOP OF THE 3RD
Toronto Blue Jays batting - Pitching for Montreal Expos : LHP James Fisher
Batting: LHB Gabe White 0-0: Ball
1-0: Ball
2-0: Ball
3-0: Called Strike
3-1: Ground out U3 (Groundball, 3, EV 79.4 MPH)
Batting: RHB Adam Burke 0-0: Foul Ball, location: 2F
0-1: Foul Ball, location: 2F
0-2: Foul Ball, location: 2F
0-2: Strikes out swinging
Batting: RHB Cole Zelinski 0-0: Foul Ball, location: 2F
0-1: Swinging Strike
0-2: Fly out, F9 (Flyball, 9LM, EV 78.1 MPH)
Top of the 3rd over - 0 runs, 0 hits, 0 errors, 0 left on base; Toronto 0 - Montreal 1
BOTTOM OF THE 3RD
Montreal Expos batting - Pitching for Toronto Blue Jays : RHP Timo Lantinga
Batting: RHB John Ham 0-0: Ball
1-0: Foul Ball, location: 2F
1-1: Foul Ball, location: 2F
1-2: Strikes out looking
Batting: SHB Bran Stark 0-0: Ball
1-0: DOUBLE (Line Drive, 78D, EV 104.4 MPH)
Batting: RHB Robby Juarez 0-0: Foul Ball, location: 2F
0-1: Ground out U3 (Groundball, 34, EV 88.1 MPH)
Bran Stark to third
Batting: RHB Mike Salmon 0-0: Foul Ball, location: 2F
0-1: Ball
1-1: Ground out U3 (Groundball, 34S, EV 80.6 MPH)
Bottom of the 3rd over - 0 runs, 1 hit, 0 errors, 1 left on base; Toronto 0 - Montreal 1
TOP OF THE 4TH
Toronto Blue Jays batting - Pitching for Montreal Expos : LHP James Fisher
Batting: LHB Jon Schick 0-0: Called Strike
0-1: Ball
1-1: Called Strike
1-2: Ground out 4-3 (Groundball, 4, EV 88.8 MPH)
Batting: RHB Shigem Kubo 0-0: Foul Ball, location: 2F
0-1: Foul Ball, location: 2F
0-2: Strikes out swinging
Batting: SHB Matt Altieri 0-0: Ball
1-0: Called Strike
1-1: Called Strike
1-2: SOLO HOME RUN (Flyball, 9D, EV 93.8 MPH), Distance : 359 ft
Batting: RHB Ruben Velasco 0-0: Ball
1-0: Foul Ball, location: 2F
1-1: Called Strike
1-2: Foul Ball, location: 2F
1-2: Foul Ball, location: 2F
1-2: Ball
2-2: Ball
3-2: Base on Balls
Batting: SHB Zory Larikov 0-0: Ball
1-0: Ball
2-0: Called Strike
2-1: Foul Ball, location: 2F
2-2: Ball
Ruben Velasco steals 2nd base (no throw)
3-2: Fly out, F8 (Flyball, 78M, EV 90.0 MPH)
Top of the 4th over - 1 run, 1 hit, 0 errors, 1 left on base; Toronto 1 - Montreal 1
BOTTOM OF THE 4TH
Montreal Expos batting - Pitching for Toronto Blue Jays : RHP Timo Lantinga
Batting: RHB Hugo Bautista 0-0: Ball
1-0: Swinging Strike
1-1: Ball
2-1: Foul Ball, location: 2F
2-2: Ball
3-2: Fly out, F9 (Flyball, 9LD, EV 99.4 MPH)
Batting: LHB Jimmy Buscemi 0-0: Ball
1-0: Foul Ball, location: 2F
1-1: Fly out, F7 (Flyball, 78S, EV 93.8 MPH)
Batting: SHB Pete Barutha 0-0: Fly out, F2 (Popup, 25F, EV 83.1 MPH)
Bottom of the 4th over - 0 runs, 0 hits, 0 errors, 0 left on base; Toronto 1 - Montreal 1
TOP OF THE 5TH
Toronto Blue Jays batting - Pitching for Montreal Expos : LHP James Fisher
Batting: RHB Kirk Arp 0-0: Ball
1-0: Called Strike
1-1: Ball
2-1: Fly out, F8 (Flyball, 8LM, EV 84.4 MPH)
Batting: LHB Gabe White 0-0: Ball
1-0: SINGLE (Line Drive, 6D, EV 108.1 MPH)
Batting: RHB Adam Burke 0-0: Called Strike
0-1: Ball
1-1: Ball
2-1: Ball
3-1: Called Strike
3-2: Ground out 6-3 (Groundball, 6M, EV 87.5 MPH)
Gabe White to second
Batting: RHB Cole Zelinski 0-0: Called Strike
0-1: Ball
1-1: Ball
2-1: Ball
3-1: Called Strike
3-2: Base on Balls
Batting: LHB Jon Schick 0-0: Ball
1-0: Foul Ball, location: 2F
1-1: Called Strike
1-2: Foul Ball, location: 2F
1-2: Ball
2-2: Foul Ball, location: 2F
2-2: Ball
3-2: Foul Ball, location: 2F
3-2: Foul Ball, location: 2F
3-2: Base on Balls
Gabe White to third
Cole Zelinski to second
Batting: RHB Shigem Kubo 0-0: Called Strike
0-1: Foul Ball, location: 2F
0-2: Ball
1-2: Ball
2-2: Ball
3-2: Base on Balls
Gabe White scores
Cole Zelinski to third
Jon Schick to second
Batting: SHB Matt Altieri 0-0: Ball
1-0: Foul Ball, location: 2F
1-1: Swinging Strike
1-2: SINGLE (Groundball, 34D, EV 103.1 MPH)
Cole Zelinski scores
Jon Schick to third
Shigem Kubo to second
Runner from 3rd tries for Home, SAFE, throw by RF to home
Batting: RHB Ruben Velasco 0-0: Foul Ball, location: 2F
0-1: Fly out, F6 (Flyball, 5D, EV 95.0 MPH)
Top of the 5th over - 3 runs, 2 hits, 0 errors, 2 left on base; Toronto 4 - Montreal 1
BOTTOM OF THE 5TH
Montreal Expos batting - Pitching for Toronto Blue Jays : RHP Timo Lantinga
Batting: LHB Steve Anderson 0-0: Ball
1-0: Ball
2-0: Foul Ball, location: 2F
2-1: SINGLE (Groundball, 34D, EV 108.1 MPH)
Batting: RHB Martin Chavez 0-0: Called Strike
0-1: Swinging Strike
0-2: Foul Ball, location: 2F
0-2: Ball
1-2: Foul Ball, location: 2F
1-2: Foul Ball, location: 2F
1-2: Strikes out swinging
Batting: RHB John Ham 0-0: Called Strike
0-1: Ball
1-1: Foul Ball, location: 2F
1-2: Foul Ball, location: 2F
1-2: Fly out, F7 (Line Drive, 7D, EV 103.8 MPH)
Batting: SHB Bran Stark 0-0: Called Strike
0-1: Ball
1-1: Fly out, F7 (Flyball, 7LM, EV 87.5 MPH)
Bottom of the 5th over - 0 runs, 1 hit, 0 errors, 1 left on base; Toronto 4 - Montreal 1
TOP OF THE 6TH
Toronto Blue Jays batting - Pitching for Montreal Expos : LHP James Fisher
Pitching: LHP David Sedillo
Batting: SHB Zory Larikov 0-0: SINGLE (Groundball, 4MD, EV 101.9 MPH)
Batting: RHB Kirk Arp 0-0: Ball
1-0: Ball
2-0: Called Strike
Zory Larikov steals 2nd base (no throw)
2-1: Intentional Walk
Batting: LHB Gabe White 0-0: Ball
1-0: Called Strike
1-1: Ball
2-1: Swinging Strike
2-2: Foul Ball, location: 2F
2-2: Fielders Choice at 2nd, 1-6 (Groundball, 34S, EV 70.6 MPH)
Zory Larikov to third
Batting: RHB Adam Burke 0-0: Ball
1-0: Called Strike
1-1: Ball
2-1: Swinging Strike
2-2: Foul Ball, location: 2F
2-2: Ball
3-2: Fly out, F8 (Flyball, 8LXD, EV 97.5 MPH)
Runner from 3rd tags up, SCORES, no throw by CF
Batting: RHB Cole Zelinski 0-0: Ball
1-0: Called Strike
1-1: Ball
2-1: SINGLE (Groundball, 5S, EV 66.9 MPH) (infield hit)
Gabe White to second
Batting: LHB Jon Schick 0-0: Called Strike
0-1: Swinging Strike
0-2: Ground out 6-3 (Groundball, 6S, EV 82.5 MPH)
Top of the 6th over - 1 run, 2 hits, 0 errors, 2 left on base; Toronto 5 - Montreal 1
BOTTOM OF THE 6TH
Montreal Expos batting - Pitching for Toronto Blue Jays : RHP Timo Lantinga
Batting: RHB Robby Juarez 0-0: Ball
1-0: Ball
2-0: SINGLE (Line Drive, 34D, EV 98.8 MPH)
Batting: RHB Mike Salmon 0-0: Swinging Strike
0-1: Ball
1-1: Ball
2-1: Ball
3-1: Base on Balls
Robby Juarez to second
Batting: RHB Hugo Bautista 0-0: Called Strike
0-1: Ball
1-1: Ball
2-1: Ball
3-1: Fielders Choice at 2nd, 6-4 (Groundball, 6, EV 90.6 MPH)
Robby Juarez to third
Batting: LHB Jimmy Buscemi 0-0: Ball
1-0: Ball
2-0: Ball
3-0: SINGLE (Groundball, 5D, EV 103.1 MPH)
Robby Juarez scores
Hugo Bautista to second
Batting: SHB Pete Barutha 0-0: Fly out, F6 (Popup, 6MD, EV 53.8 MPH)
Batting: LHB Steve Anderson 0-0: Called Strike
0-1: Ball
1-1: Ball
2-1: Foul Ball, location: 2F
2-2: Foul Ball, location: 2F
2-2: Fielders Choice at 2nd, 5-4 (Groundball, 56, EV 106.9 MPH)
Bottom of the 6th over - 1 run, 2 hits, 0 errors, 2 left on base; Toronto 5 - Montreal 2
TOP OF THE 7TH
Toronto Blue Jays batting - Pitching for Montreal Expos : LHP David Sedillo
Batting: RHB Shigem Kubo 0-0: Ball
1-0: SOLO HOME RUN (Flyball, 7LD, EV 90.6 MPH), Distance : 334 ft
Batting: SHB Matt Altieri 0-0: Ball
1-0: Fly out, F3 (Popup, 3F, EV 62.5 MPH)
Batting: RHB Ruben Velasco 0-0: Ball
1-0: Called Strike
1-1: Foul Ball, location: 2F
1-2: Strikes out swinging
Batting: SHB Zory Larikov 0-0: Ball
1-0: Ball
2-0: Called Strike
2-1: Foul Ball, location: 2F
2-2: Foul Ball, location: 2F
2-2: Ground out 5-3 (Groundball, 56, EV 99.4 MPH)
Top of the 7th over - 1 run, 1 hit, 0 errors, 0 left on base; Toronto 6 - Montreal 2
BOTTOM OF THE 7TH
Montreal Expos batting - Pitching for Toronto Blue Jays : RHP Timo Lantinga
Batting: RHB Martin Chavez 0-0: Ball
1-0: Called Strike
1-1: Ground out 6-3 (Groundball, 56D, EV 105.0 MPH)
Batting: RHB John Ham 0-0: Ball
1-0: Ball
2-0: Called Strike
2-1: Foul Ball, location: 2F
2-2: Ball
3-2: Base on Balls
Batting: SHB Bran Stark 0-0: Grounds out, U3 (Groundball, 3L, EV 103.1 MPH)
Batting: RHB Robby Juarez 0-0: Called Strike
0-1: Ball
1-1: Ball
2-1: Fly out, F8 (Flyball, 8LS, EV 96.3 MPH)
Bottom of the 7th over - 0 runs, 0 hits, 0 errors, 1 left on base; Toronto 6 - Montreal 2
TOP OF THE 8TH
Toronto Blue Jays batting - Pitching for Montreal Expos : LHP David Sedillo
Pitching: RHP Eric Hudson
Batting: RHB Kirk Arp 0-0: Called Strike
0-1: Swinging Strike
0-2: Strikes out looking
Batting: LHB Gabe White 0-0: Ball
1-0: Called Strike
1-1: Ball
2-1: Swinging Strike
2-2: Foul Ball, location: 2F
2-2: Ball
3-2: Fly out, F5 (Popup, 56S, EV 83.1 MPH)
Batting: RHB Adam Burke 0-0: Ball
1-0: Fly out, F8 (Flyball, 8RXD, EV 100.0 MPH)
Top of the 8th over - 0 runs, 0 hits, 0 errors, 0 left on base; Toronto 6 - Montreal 2
BOTTOM OF THE 8TH
Montreal Expos batting - Pitching for Toronto Blue Jays : RHP Timo Lantinga
Batting: RHB Mike Salmon 0-0: Fly out, F7 (Line Drive, 7, EV 90.6 MPH)
Batting: RHB Hugo Bautista 0-0: Ball
1-0: Fly out, F9 (Line Drive, 89M, EV 86.9 MPH)
Batting: LHB Jimmy Buscemi 0-0: Ball
1-0: Called Strike
1-1: Ball
2-1: Ground out 4-3 (Groundball, 4S, EV 85.6 MPH)
Bottom of the 8th over - 0 runs, 0 hits, 0 errors, 0 left on base; Toronto 6 - Montreal 2
TOP OF THE 9TH
Toronto Blue Jays batting - Pitching for Montreal Expos : RHP Eric Hudson
Batting: RHB Cole Zelinski 0-0: Ball
1-0: Ball
2-0: DOUBLE (Line Drive, 78M, EV 96.9 MPH)
Batting: LHB Jon Schick 0-0: Intentional Walk
Batting: RHB Shigem Kubo 0-0: Ball
1-0: Ball
2-0: Sac Bunt to 2L - play at first, batter OUT! 2-4
Cole Zelinski to third
Jon Schick to second
Batting: SHB Matt Altieri 0-0: Intentional Walk
Batting: RHB Ruben Velasco 0-0: Ball
1-0: Fly out, F9 (Flyball, 9, EV 80.0 MPH)
Runner from 3rd tags up, SCORES, throw by RF
Jon Schick to third
Batting: SHB Zory Larikov 0-0: Fly out, F7 (Flyball, 7S, EV 83.8 MPH)
Top of the 9th over - 1 run, 1 hit, 0 errors, 2 left on base; Toronto 7 - Montreal 2
BOTTOM OF THE 9TH
Montreal Expos batting - Pitching for Toronto Blue Jays : RHP Timo Lantinga
Pitching: RHP J.J. Thompson
Batting: SHB Pete Barutha 0-0: Ball
1-0: Fly out, F4 (Line Drive, 4, EV 62.5 MPH)
Batting: LHB Steve Anderson 0-0: Called Strike
0-1: Ball
1-1: Called Strike
1-2: Foul Ball, location: 2F
1-2: Ball
2-2: Strikes out looking
Batting: RHB Martin Chavez 0-0: Ball
1-0: Ball
2-0: Called Strike
2-1: Swinging Strike
2-2: Foul Ball, location: 2F
2-2: Strikes out swinging
Bottom of the 9th over - 0 runs, 0 hits, 0 errors, 0 left on base; Toronto 7 - Montreal 2
Thursday, March 31st , 2022 - OOTP Baseball 22.12 Build 89